 Dungeon Crawl Stone Soup version 0.28.0-53-g5a82cb258f (webtiles) character file.

Game seed: 3454963118407010307

108 issech the Skirmisher (level 4, -2/41 HPs)
             Began as a Minotaur Monk on June 19, 2022.
             Slain by Crazy Yiuf
             ... wielding a +3 quarterstaff of chaos
              (11 damage)
             ... on level 3 of the Dungeon.
             The game lasted 00:05:12 (2231 turns).

issech the Skirmisher (Minotaur Monk)               Turns: 2231, Time: 00:05:12

Health: -2/41      AC:  8    Str: 16    XL:     4   Next: 58%
Magic:  3/3        EV:  8    Int:  7    God:
Gold:   120        SH:  0    Dex: 14    Spells: 3/3 levels left

rFire   + . .      SeeInvis .   l - +0 long sword
rCold   . . .      Faith    .   (no shield)
rNeg    . . .      Spirit   .   p - +0 chain mail
rPois   .          Reflect  .   (helmet restricted)
rElec   .          Harm     .   (no cloak)
rCorr   .          Rampage  .   (no gloves)
Will    .....                   (no boots)
Stlth   ..........              f - amulet of regeneration
HPRegen 0.93/turn               o - ring of protection from fire
MPRegen 0.08/turn               (no ring)

@: no status effects
A: horns 2, retaliatory headbutt
a: no special abilities


You were on level 3 of the Dungeon.
You visited 1 branch of the dungeon, and saw 3 of its levels.

You collected 120 gold pieces.

Inventory:

Hand Weapons
 a - a +0 hand axe
 l - a +0 long sword (weapon)
 q - a +0 hunting sling
Missiles
 c - 87 stones
 j - 6 boomerangs (quivered)
 k - 75 arrows
Armour
 p - a +0 chain mail (worn)
Jewellery
 d - an amulet of magic regeneration
 f - an amulet of regeneration (around neck)
 o - a ring of protection from fire (left hand)
Scrolls
 b - a scroll of noise {unknown}
 m - 3 scrolls of fog {unknown}
Potions
 e - a potion of degeneration {unknown}
 g - 2 potions of magic {unknown}
 h - a potion of berserk rage {unknown}
 i - a potion of might {unknown}
 n - a potion of mutation {unknown}


   Skills:
 + Level 4.7 Fighting
 + Level 1.9 Long Blades
 + Level 4.1 Axes
 + Level 1.0 Armour
 + Level 4.1 Dodging
 + Level 1.8 Stealth


You had 3 spell levels left.
You didn't know any spells.
Your spell library contained the following spells:

 Spells                   Type           Power      Damage    Failure   Level
 Foxfire                  Conj/Fire      0%         2x1d4     100%        1
 Conjure Flame            Conj/Fire      0%         6-21      100%        3
 Gell's Gravitas          Tloc           0%         N/A       100%        3
 Inner Flame              Hex/Fire       0%         N/A       100%        3
 Lesser Beckoning         Tloc           0%         N/A       100%        3
 Teleport Other           Tloc           0%         N/A       100%        3
 Flame Wave               Conj/Fire      0%         2d4       100%        4


Dungeon Overview and Level Annotations

Branches:
Dungeon (3/15)

Altars:

Annotations:
D:3 2 transporters, Crazy Yiuf


Innate Abilities, Weirdness & Mutations

You have a pair of horns on your head.
You reflexively headbutt those who attack you in melee.


Message History

You slash the goblin!
You kill the goblin!
You see here a +0 club.
You see here a +0 hunting sling.
q - a +0 hunting sling A bat comes into view.
The bat closely misses you. You furiously retaliate!
You headbutt the bat!
You kill the bat!
You see here a bat corpse.
You see here a +0 club.
You see here a +0 club.
You see here a bat corpse.
There is a stone staircase leading down here.
Crazy Yiuf shouts!
Could not explore, unopened runed door.
You open the door. You throw a boomerang.
The boomerang barely misses Crazy Yiuf.
You barely miss Crazy Yiuf. Crazy Yiuf barely misses you.
Crazy Yiuf hits you with a +3 quarterstaff of chaos!
Crazy Yiuf freezes you.
You slash Crazy Yiuf!
Crazy Yiuf is heavily wounded.
Crazy Yiuf hits you with a +3 quarterstaff of chaos!
Crazy Yiuf burns you.
You hit Crazy Yiuf.
Crazy Yiuf is severely wounded.
Crazy Yiuf hits you with a +3 quarterstaff of chaos.
Crazy Yiuf burns you.
You hit Crazy Yiuf but do no damage.
Crazy Yiuf is severely wounded.
Crazy Yiuf hits you with a +3 quarterstaff of chaos. x2
* * * LOW HITPOINT WARNING * * *
You are confused.
You bump into the tree.
Crazy Yiuf barely misses you.
Unknown command.
You bump into the tree.
You feel less confused.
Crazy Yiuf says, "Buddy song bag!"
Crazy Yiuf hits you with a +3 quarterstaff of chaos!
You die...

#.# #.# ##### #.# #...# #.# ###
#...# #.# ..# #...# #.# ..#
#...##♣♣ ### #.# ..# #...#..♣♣
♣♣#..)# ######.### ..#
#.......♣♣♣♣@g...# #.........
..###........♣..♣#...#
#....#.### ..#>....#...♣.♣♣♣ ###
#......... ..#.#...##♣♣♣♣♣
#....#.##. ........# #.........
.....##.# ### ######....##...
##...##.#######.#
#.........##)#.
#...##.........###.........##.##
#...............................


You could see Crazy Yiuf.

Vanquished Creatures
  3 adders
  4 worms
  2 dart slugs
  3 orcs (D:3)
  2 endoplasms (D:2)
  8 goblins
  6 hobgoblins
  10 jackals
  4 ball pythons
  4 bats
  4 frilled lizards
  6 kobolds
  5 rats
61 creatures vanquished.

Vanquished Creatures (others)
  5 withered plants (D:1)
5 creatures vanquished.

Grand Total: 66 creatures vanquished

Notes
Turn   | Place    | Note
-------+----------+-------------------------------------------
     0 | D:1      | issech the Minotaur Monk began the quest for the Orb.
     0 | D:1      | Reached XP level 1. HP: 19/19 MP: 0/0
   170 | D:1      | Reached XP level 2. HP: 27/27 MP: 1/1
   264 | D:1      | Found a faded altar of an unknown god.
   558 | D:2      | You fall into a shaft and drop 1 floor!
   564 | D:3      | Reached XP level 3. HP: 33/33 MP: 2/2
  1129 | D:2      | Reached XP level 4. HP: 41/41 MP: 3/3
  1207 | D:2      | Reached skill level 1 in Long Blades
  1535 | D:3      | Found a transporter.
  1539 | D:3      | Found a transporter.
  1791 | D:3      | Found a runed translucent door.
  1792 | D:3      | Noticed Crazy Yiuf
  1822 | D:3      | Reached skill level 1 in Armour
  2231 | D:3      | Slain by Crazy Yiuf

Illustrated notes

Levels and vault maps discovered:
D:1:      dpeg_arrival_rooms_with_view, layout_rooms,
          ebering_ecumenical_altar_petrified
D:2:      layout_basic
D:3:      gammafunk_steamed_eel, layout_basic, uniq_crazy_yiuf_cottage

Skill      XL: |  1  2  3  4 |
---------------+-------------+-----
Fighting       | 4 |  4.7
Axes           | 4 |  4.1
Dodging        | 4 |  4.1
Long Blades    | 1 |  1.9
Armour         | 1 |  1.0
Stealth        | |  1.8

Action                   |  1- 3 |  4- 6 || total
-------------------------+-------+-------++-------
Melee: Hand axe          |    23 |       ||    23
       Headbutt          |    13 |     4 ||    17
       Long sword        |    71 |    36 ||   107
       Punch             |     1 |     1 ||     2
Throw: Boomerang         |       |     1 ||     1
 Stab: Sleeping          |     1 |       ||     1
Armor: Robe              |     6 |       ||     6
       Chain mail        |    18 |    27 ||    45
       Ring mail         |    12 |       ||    12
Dodge: Dodged            |    68 |    15 ||    83
